 Dungeon Crawl Stone Soup version 0.25-a0-547-g27a0b5d1ef (webtiles) character file.

Game seed: 7833441722428001150, levelgen mode: classic

65 EnegeticOcto the Covered (level 3, 0/34 HPs)
             Began as a Deep Dwarf Fighter on Feb 21, 2020.
             Slain by a sky beast (1 damage)
             ... on level 3 of the Dungeon.
             The game lasted 00:00:31 (413 turns).

EnegeticOcto the Covered (Deep Dwarf Fighter)        Turns: 413, Time: 00:00:32

Health: 0/34       AC: 10    Str: 20    XL:     3   Next: 92%
Magic:  2/2        EV:  5    Int:  8    God:
Gold:   94         SH:  9    Dex: 12    Spells: 2/2 levels left

rFire    . . .     SeeInvis .   a - +0 war axe
rCold    . . .     Gourm    .   c - +0 kite shield
rNeg     . . .     Faith    .   g - +0 chain mail
rPois    .         Spirit   .   j - +0 helmet
rElec    .         Reflect  .   (no cloak)
rCorr    .         Harm     .   (no gloves)
MR       .....                  (no boots)
Stlth    ..........             (no amulet)
HPRegen  0.00/turn              (no ring)
MPRegen  0.08/turn              (no ring)

@: non-regenerating
A: damage resistance, heal wounds, sense surroundings 1, no regeneration
a: Heal Wounds


You were on level 3 of the Dungeon.
You were not hungry.

You visited 1 branch of the dungeon, and saw 3 of its levels.

You collected 94 gold pieces.

Inventory:

Hand Weapons
 a - a +0 war axe (weapon)
Armour
 b - a +0 scale mail
 c - a +0 kite shield (worn)
 g - a +0 chain mail (worn)
 j - a +0 helmet (worn)
Jewellery
 i - an uncursed ring of protection from cold {unknown}
Scrolls
 d - 2 scrolls of teleportation {unknown}
 h - 2 scrolls of amnesia {unknown}
Potions
 k - a potion of might {@q3}
 l - a potion of flight {unknown}
 m - a potion of curing {unknown}
Comestibles
 e - 3 rations
 f - 2 chunks of flesh


   Skills:
 * Level 3.3 Fighting
 * Level 3.1 Axes
 + Level 3.6 Armour
 + Level 1.1 Dodging
 + Level 3.6 Shields


You had 2 spell levels left.
You didn't know any spells.
Your spell library was empty.

Dungeon Overview and Level Annotations

Branches:
Dungeon (3/15)

Altars:
Qazlal


Innate Abilities, Weirdness & Mutations

You are resistant to damage.
You can heal yourself by infusing magical energy.
You passively map a small area around you.
You do not regenerate.


Message History

No target in view!
No target in view!
No target in view!
No target in view!
No target in view!
No target in view!
No target in view!
No target in view!
No target in view!
No target in view!
No target in view!
No target in view!
No target in view!
You see here a bat corpse.
You butcher the bat corpse.
f - 2 chunks of flesh (gained 1)
You see here a bat skeleton. x2
You open the door.
There is an open door here.
As you open the door, it creaks loudly!
There is an open door here.
A goblin comes into view. It is wielding a +0 dagger.
The goblin shouts!
A goblin is nearby!
A goblin is nearby!
A goblin is nearby!
A goblin is nearby!
The goblin barely misses you.
You hit the goblin.
You kill the goblin!
No target in view!
No target in view!
No target in view!
No target in view!
No target in view!
No target in view!
No target in view!
No target in view!
e - 3 rations (gained 1)
You now have 94 gold pieces (gained 10).
h - 2 scrolls labeled MOVOUC FECVI (gained 1)
A sky beast comes into view.
A sky beast is nearby!
A sky beast is nearby!
A sky beast is nearby!
A sky beast is nearby!
A sky beast is nearby!
You block the sky beast's attack.
Your shield and chain mail prevent you from hitting the sky beast.
The sky beast hits you. The sky beast shocks you.
You closely miss the sky beast.
The sky beast hits you but does no damage.
The sky beast hits you. The sky beast shocks you.
You barely miss the sky beast.
The sky beast hits you but does no damage.
You closely miss the sky beast.
The sky beast flickers out of sight!
Deactivating autopickup; reactivate with Ctrl-A.
Something hits you. Something shocks you.
Something hits you but does no damage.
No target in view!
No target in view!
No target in view!
No target in view!
No target in view!
No target in view!
No target in view!
No target in view!
No target in view!
No target in view!
No target in view!
You miss something. Something hits you but does no damage.
You miss something.
A sky beast appears from thin air!
Reactivating autopickup.
The sky beast closely misses you.
You hit the sky beast.
The sky beast is lightly wounded.
The sky beast hits you. The sky beast shocks you. The sky beast hits you.
The sky beast shocks you.
You closely miss the sky beast.
The sky beast is lightly wounded.
The sky beast hits you. The sky beast shocks you.
* * * LOW HITPOINT WARNING * * *
You hit the sky beast but do no damage.
The sky beast is lightly wounded.
The sky beast hits you. The sky beast shocks you.
* * * LOW HITPOINT WARNING * * *
Your shield and chain mail prevent you from hitting the sky beast.
The sky beast is lightly wounded.
The sky beast hits you but does no damage.
The sky beast flickers out of sight!
Deactivating autopickup; reactivate with Ctrl-A.
Something hits you.
* * * LOW HITPOINT WARNING * * *
Something shocks you.
* * * LOW HITPOINT WARNING * * *
You miss something. Something hits you but does no damage.
You closely miss something. Something hits you but does no damage.
Your shield and chain mail prevent you from hitting something.
Something hits you but does no damage. Something hits you.
You die...

, * * ## , ..# , *
*#.# * , , #.#
#########.## ,*
...........##### ***#.
, ................ ...
.. *#...{@.?#.######.#
#.
#######........#.####.
, #...##.......##. * *
* ###....+.......##. *
,.......#.#.......##)
* ,
.................... ,
........#............
#####...#.....###.#..
#................


There were no monsters in sight!

Vanquished Creatures
  Robin (D:2)
  A gnoll (D:1)
  An adder (D:3)
  2 worms
  A bat (D:3)
  12 goblins
  3 hobgoblins (D:2)
  2 kobolds
  A ball python (D:2)
  4 rats
28 creatures vanquished.

Notes
Turn   | Place    | Note
-------+----------+-------------------------------------------
     0 | D:1      | EnegeticOcto the Deep Dwarf Fighter began the quest for the
                  | Orb.
     0 | D:1      | Reached XP level 1. HP: 20/20 MP: 1/1
    49 | D:1      | Reached XP level 2. HP: 17/27 MP: 2/2
   175 | D:2      | Noticed Robin
   182 | D:2      | Reached XP level 3. HP: 16/34 MP: 3/3
   188 | D:2      | Killed Robin
   231 | D:3      | Reached skill level 1 in Dodging
   293 | D:3      | Found a stormy altar of Qazlal.
   398 | D:3      | Noticed a sky beast
   410 | D:3      | HP: 1/34 [something (3)]
   413 | D:3      | Slain by a sky beast

Levels and vault maps discovered:
D:1:      minmay_arrival_loop, layout_rooms
D:2:      layout_rooms, lemuel_crystal_altar, minmay_shallow_snake_nest,
          uniq_robin
D:3:      layout_basic, nicolae_qazlal_general_emergency,
          kennysheep_another_room, uniq_purgy

Skill      XL: |  1  2  3 |
---------------+----------+-----
Fighting       | 3 |  3.3
Axes           | 3 |  3.1
Dodging        | 1 |  1.1
Armour         | |  3.6
Shields        | |  3.6

Action                   || total
-------------------------++-------
Melee: War axe           ||    62
 Abil: Heal Wounds       ||     2
Armor: Chain mail        ||    51
       Scale mail        ||     1
Dodge: Dodged            ||    16
Block: Kite shield       ||    28

Table legend:
 A = Non-vault XP
 B = Vault XP
 C = Vault XP percentage of total XP
 D = Non-vault monster count
 E = Vault monster count
 F = Vault count percentage of total count
                 A         B        C        D         E       F
            +---------+---------+-------+---------+---------+-------
      Total |      55 |      38 |  40.9 |      15 |      13 |  46.4
            +---------+---------+-------+---------+---------+-------
        D:1 |      24 |       0 |   0.0 |       7 |       0 |   0.0
        D:2 |       9 |      38 |  80.9 |       4 |      13 |  76.5
        D:3 |      22 |       0 |   0.0 |       4 |       0 |   0.0
            +---------+---------+-------+---------+---------+-------
